 Dungeon Crawl Stone Soup version 0.28.0-53-g5a82cb258f (webtiles) character file.

Game seed: 13755867775607196360

9 RevDB the Bolt Thrower (level 2, -1/18 HPs)
             Began as a Kobold Hunter on June 29, 2022.
             Slain by a kobold
             ... wielding a +1 short sword of protection
              (3 damage)
             ... on level 1 of the Dungeon.
             The game lasted 00:08:12 (435 turns).

RevDB the Bolt Thrower (Kobold Hunter)               Turns: 435, Time: 00:08:13

Health: -1/18      AC:  3    Str:  9    XL:     2   Next: 20%
Magic:  2/2        EV: 14    Int: 12    God:
Gold:   19         SH:  0    Dex: 15    Spells: 1/1 levels left

rFire   . . .      SeeInvis .   b - +0 short sword
rCold   . . .      Faith    .   (no shield)
rNeg    . . .      Spirit   .   c - +0 leather armour
rPois   .          Reflect  .   (no helmet)
rElec   .          Harm     .   (no cloak)
rCorr   .          Rampage  .   (no gloves)
Will    .....                   (no boots)
Stlth   +++.......              (no amulet)
HPRegen 0.06/turn               (no ring)
MPRegen 0.08/turn               (no ring)

@: no status effects
A: small, no large weapons, nightstalker 3
a: no special abilities


You were on level 1 of the Dungeon.
You visited 1 branch of the dungeon, and saw 1 of its levels.

You collected 19 gold pieces.

Inventory:

Hand Weapons
 a - a +1 hand crossbow
 b - a +0 short sword (weapon)
Missiles
 d - 19 bolts
Armour
 c - a +0 leather armour (worn)
Magical Staves
 f - a staff of air
Jewellery
 h - a ring of fire
Scrolls
 e - a scroll of identify {unknown}
 j - a scroll of enchant armour {unknown}
Potions
 g - a potion of attraction {unknown}
 i - a potion of curing {unknown}


   Skills:
 + Level 2.4 Fighting
 + Level 4.9 Crossbows
 + Level 2.7 Dodging
 + Level 1.9 Stealth


You had one spell level left.
You didn't know any spells.
Your spell library was empty.

Dungeon Overview and Level Annotations

Branches:
Dungeon (1/15)

Altars:


Innate Abilities, Weirdness & Mutations

You are small and have problems with some larger weapons.
You are completely attuned to the shadows.


Message History

The kobold misses you.
The kobold hits you with a +1 short sword of protection.
You hit the kobold but do no damage.
The kobold is severely wounded.
The kobold hits you but does no damage.
You barely miss the kobold.
The kobold is severely wounded.
The kobold closely misses you.
You closely miss the kobold.
The kobold is severely wounded.
The kobold hits you with a +1 short sword of protection.
* * * LOW HITPOINT WARNING * * *
You hit the kobold but do no damage.
The kobold is severely wounded.
The kobold barely misses you.
You hit the kobold but do no damage.
The kobold is severely wounded.
The kobold barely misses you.
You barely miss the kobold.
The kobold is severely wounded.
The kobold misses you.
You miss the kobold.
The kobold is severely wounded.
The kobold barely misses you.
You hit the kobold but do no damage.
The kobold is severely wounded.
The kobold barely misses you.
You hit the kobold but do no damage.
The kobold is severely wounded.
The kobold hits you with a +1 short sword of protection.
* * * LOW HITPOINT WARNING * * *
Press: ? - help, v - describe, . - travel The floor.
You barely miss the kobold.
The kobold is severely wounded.
The kobold misses you. The kobold closely misses you.
You closely miss the kobold.
The kobold is severely wounded.
The kobold hits you with a +1 short sword of protection.
You die...

### ######.. ####.......
##....####.. ## #####..####
##.. ...#############.....##
##..#
.............K@..##########..##
...############### ##....†..##
## ##..####### ######..##
#.)....## ###########.######
.##...........#
.....################# >..#.###
#.......#


You could see a kobold.

Vanquished Creatures
  An endoplasm (D:1)
  2 hobgoblins (D:1)
  2 kobolds (D:1)
  A quokka (D:1)
  A goblin (D:1)
  A rat (D:1)
8 creatures vanquished.

Vanquished Creatures (others)
  3 fungi (D:1)
  A plant (D:1)
4 creatures vanquished.

Grand Total: 12 creatures vanquished

Notes
Turn   | Place    | Note
-------+----------+-------------------------------------------
     0 | D:1      | RevDB the Kobold Hunter began the quest for the Orb.
     0 | D:1      | Reached XP level 1. HP: 12/12 MP: 1/1
   253 | D:1      | Found a faded altar of an unknown god.
   304 | D:1      | Reached XP level 2. HP: 15/18 MP: 2/2
   435 | D:1      | Slain by a kobold

Illustrated notes

Levels and vault maps discovered:
D:1:      wheals_arrival_shading, layout_rooms,
          dreamdust_ecumenical_altar_hidden_monk_grotto,
          chequers_decorated_corner, minmay_misc_feat_tiny

Action                   || total
-------------------------++-------
Melee: Short sword       ||    53
       Punch             ||     1
 Fire: Hand crossbow     ||     3
 Stab: Sleeping          ||     3
Armor: Leather armour    ||     6
Dodge: Dodged            ||    31
